 Dungeon Crawl Stone Soup version 0.31-a0-806-g0bc164a743 (webtiles) character file.

Game seed: 12346584738342999178

130 Ordine the Conjurer (level 4, 0/24 HPs)
             Began as a Deep Elf Conjurer on Sept 21, 2023.
             Slain by Duvessa
             ... wielding a +0 rapier
              (8 damage)
             ... on level 4 of the Dungeon.
             The game lasted 00:03:52 (2816 turns).

Ordine the Conjurer (Deep Elf Conjurer)             Turns: 2816, Time: 00:03:53

Health: 0/24       AC:  2    Str:  4    XL:     4   Next: 89%
Magic:  6/12       EV: 12    Int: 25    God:
Gold:   148        SH:  0    Dex: 13    Spells: 4/11 levels left

rFire   . . .        (no weapon)
rCold   . . .        (no shield)
rNeg    . . .        a - +0 robe
rPois   .            (no helmet)
rElec   .            (no cloak)
rCorr   .            (no gloves)
SInv    .            (no boots)
Will    .....        (no amulet)
Stlth   ++           (no ring)
HPRegen 0.24/turn    (no ring)
MPRegen 0.13/turn

%: no passive effects
@: no status effects
A: no striking features
a: no special abilities


You were on level 4 of the Dungeon.
You visited 1 branch of the dungeon, and saw 4 of its levels.

You collected 148 gold pieces.

Inventory:

Armour
 a - a +0 robe (worn)
Wands
 l - a wand of quicksilver (12)
Scrolls
 c - 4 scrolls of identify {unknown}
 d - a scroll of immolation {unknown}
 e - 3 scrolls of teleportation {unknown}
 g - a scroll of blinking {unknown}
 i - a scroll of poison {unknown}
 m - a scroll of fear {unknown}
Potions
 b - a potion of magic
 f - 2 potions of berserk rage {unknown}
 h - 2 potions of might {unknown}
 j - 2 potions of enlightenment {unknown}
 k - 2 potions of brilliance {unknown}


   Skills:
 - Level 3.0 Dodging
 - Level 3.0 Stealth
 + Level 4.3 Spellcasting
 * Level 5.7 Conjurations
 + Level 1.1 Translocations


You had 4 spell levels left.
You knew the following spells:

 Your Spells              Type           Power      Damage    Failure   Level
a - Magic Dart            Conj           100%       1d8       1%          1
b - Searing Ray           Conj           68%        2d6       1%          2
c - Iskenderun's Mystic   Conj/Tloc      22%        2d6       22%         4

Your spell library contained the following spells:

 Spells                   Type           Power      Damage    Failure   Level
 Lesser Beckoning         Tloc           20%        N/A       9%          2
 Dazzling Flash           Conj/Hex       38%        N/A       9%          3
 Gell's Gravitas          Tloc           10%        N/A       17%         3
 Teleport Other           Tloc           10%        N/A       17%         3
 Fulminant Prism          Conj/Hex       9%         3d7       26%         4


Dungeon Overview and Level Annotations

Branches:
Dungeon (4/15)
 Temple: D:4-7

Altars:

Annotations:
D:4 Duvessa


Message History

* * * LOW HITPOINT WARNING * * *
You climb upwards.
There is a stone staircase leading down here.
Casting: Magic Dart (safe; 1% risk of failure)
Confirm with . or Enter, or press ? or * to list all spells.
Aiming: Magic Dart (safe; 1% risk of failure)
Press: ? - help, Shift-Dir - straight line, f - endoplasm
Aim: an endoplasm (severely wounded, 100% to hit)
The magic dart hits the endoplasm.
You kill the endoplasm!
There is a stone staircase leading down here.
Magic restored.
HP restored.
Done exploring.
Done exploring.
You climb downwards.
You hear the sound of rushing water.
There is an entrance to a sewer on this level.
Hurry and find it before the portal rusts away!
You hear the slow rusting of a very distant drain.
There is a stone staircase leading up here.
Duvessa, Sister of Dowan comes into view.
She is wielding a +0 rapier.
The magic dart hits Duvessa but does no damage.
Duvessa shouts!
Duvessa goes berserk!
The magic dart hits Duvessa but does no damage.
Casting: Magic Dart (safe; 1% risk of failure)
Confirm with . or Enter, or press ? or * to list all spells.
Aiming: Searing Ray (safe; 1% risk of failure)
Press: ? - help, Shift-Dir - straight line, f/p - Duvessa
Aim: Duvessa, wielding a +0 rapier and wearing a +0 chain mail (berserk, 88% to hit)
The searing ray hits Duvessa but does no damage. (Press . to maintain the ray.)
The searing ray hits Duvessa.
Duvessa is lightly wounded.
The searing ray hits Duvessa.
Duvessa is lightly wounded.
Duvessa hits you with a +0 rapier!
Ouch! That really hurt!
Duvessa hits you with a +0 rapier!
You die...

#...?...#
####...[...### .
............# #...#
#..††.......#
....#####...........#
.#... ...........)..#
#....!......#
#..<....e...#
#.......@...#
#...........#
#........>..#
#..........<#
#############


You could see Duvessa (berserk).

Vanquished Creatures
  Dowan (D:4)
  An adder (D:2)
  2 worms
  2 dart slugs (D:2)
  An orc (D:4)
  5 bats
  6 endoplasms
  4 giant cockroaches
  3 goblins
  3 hobgoblins
  11 kobolds
  3 quokkas
  4 ball pythons
  5 frilled lizards
  8 rats
59 creatures vanquished.

Notes
Turn   | Place    | Note
-------+----------+-------------------------------------------
     0 | D:1      | Ordine the Deep Elf Conjurer began the quest for the Orb.
     0 | D:1      | Reached XP level 1. HP: 10/10 MP: 6/6
   314 | D:1      | Reached XP level 2. HP: 15/15 MP: 4/8
   317 | D:1      | Learned a level 2 spell: Searing Ray
  1227 | D:2      | Reached XP level 3. HP: 19/19 MP: 6/9
  1285 | D:2      | Reached skill level 5 in Conjurations
  2120 | D:3      | Reached XP level 4. HP: 21/24 MP: 7/11
  2163 | D:3      | Learned a level 4 spell: Iskenderun's Mystic Blast
  2726 | D:4      | Noticed Dowan
  2732 | D:4      | Killed Dowan
  2733 | D:4      | Reached skill level 1 in Translocations
  2811 | D:4      | Noticed Duvessa
  2816 | D:4      | Slain by Duvessa

Illustrated notes

Levels and vault maps discovered:
D:1:      evilmike_arrival_fibonacci_small, layout_basic
D:2:      layout_loops_ring
D:3:      layout_rooms
D:4:      layout_basic, doesnt_xom_only_xom, lightli_sewer_entry_pipes,
          uniq_sigmund, uniq_duvessa

Skill      XL: |  1  2  3  4 |
---------------+-------------+-----
Stealth        | 3 |  3.0
Dodging        | 3 |  3.0
Conjurations   | 5 |  5.7
Spellcasting   | 4 |  4.3
Translocations | 1 |  1.1

Action                     |  1- 3 |  4- 6 || total
---------------------------+-------+-------++-------
   Cast: Magic Dart        |    82 |    25 ||   107
         Searing Ray       |       |     1 ||     1
 Armour: Robe              |     4 |     3 ||     7
  Dodge: Dodged            |     2 |       ||     2

Table legend: (Time is in decaauts)
 A = Elapsed time spent in this place.
 B = Non-inter-level travel time spent in this place.
 C = Inter-level travel time spent in this place.
 D = Time resting spent in this place.
 E = Time spent auto-exploring this place.
 F = Levels seen in this place.
 G = Mean time per level.
                   A        B        C        D        E       F      G
               +--------+--------+--------+--------+--------+-----+--------+
         Total |   2816 |   2567 |    249 |      0 |   2326 |   4 |  704.0 |
       Dungeon |   2816 |   2567 |    249 |      0 |   2326 |   4 |  704.0 |
               +--------+--------+--------+--------+--------+-----+--------+

Top non-repeatable levels by time:
     D:1: 1171 daAuts
     D:2: 942 daAuts
     D:3: 677 daAuts
     D:4: 25 daAuts
